 Dungeon Crawl Stone Soup version 0.14-a0-1546-g4b4961f (webtiles) character file.

20474 Jake482 the Nimble (level 12, -11/130 HPs)
             Began as a Troll Monk on Dec 19, 2013.
             Mangled by a death yak (26 damage)
             ... on Level 4 of the Lair of Beasts.
             The game lasted 01:52:18 (13725 turns).

Jake482 the Nimble (Troll Monk)                    Turns: 13725, Time: 01:52:18

HP -11/130       AC  7     Str 22      XL: 12   Next: 39%
MP   5/5         EV 17     Int  6      God:
Gold 735         SH  0     Dex 16      Spells:  0 memorised, 11 levels left

rFire  . . .     SeeInvis +       - Unarmed
rCold  . . .     Clarity  .     M - +2 orc robe (curse)
rNeg   + + .     Conserve .     (shield restricted)
rPois  .         rCorr    .     (helmet restricted)
rElec  .         rRot     .     (no cloak)
SustAb . .       Spirit   .     (gloves unavailable)
rMut   .         Warding  +     (boots unavailable)
Gourm  +         Stasis   .     e - amulet of warding
                                G - ring of see invisible
                                x - ring of positive energy

@: somewhat resistant to hostile enchantments, fairly stealthy
A: unfitting armour, claws 3, fast metabolism 3, gourmand, regeneration 2,
saprovore 2, shaggy fur 1, tough skin 2
a: no special abilities


You were on level 4 of the Lair of Beasts.
You were very full.

You visited 3 branches of the dungeon, and saw 15 of its levels.

You collected 735 gold pieces.

Inventory:

Missiles
 q - 8 tomahawks (quivered)
Armour
 M - a cursed +2 orcish robe (worn)
 T - the +5 ring mail of Happiness {Str+3 Int+3, unknown}
   (You found it on level 8 of the Dungeon)

   It affects your strength (+3).
   It affects your intelligence (+3).
Magical devices
 u - a wand of slowing (6)
 C - a wand of heal wounds (7)
 D - a wand of flame (9)
 E - a wand of random effects (9)
 K - a wand of fire (8)
 N - a wand of disintegration (4) {unknown}
 V - a wand of paralysis (13)
Comestibles
 b - 7 meat rations
 f - 7 bread rations
 j - 18 strawberries
 v - a cheese
 z - 3 pears
 A - 2 apples
 B - an orange
 F - a honeycomb
 Q - a slice of pizza
 R - a lemon
Scrolls
 h - 5 scrolls of teleportation
 k - a scroll of immolation
 m - 3 scrolls of fog
 o - 3 scrolls of identify
 p - 4 scrolls of magic mapping
 y - 5 scrolls of remove curse
 H - a scroll of noise
 L - a scroll of curse weapon {unknown}
Jewellery
 d - an uncursed amulet of clarity
 e - an amulet of warding (around neck)
 r - a cursed -3 ring of protection {unknown}
 t - an uncursed amulet of faith
 x - a ring of positive energy (left claw)
 G - a ring of see invisible (right claw)
Potions
 a - 3 potions of might
 g - a potion of agility
 i - a potion of cure mutation {unknown}
 l - a potion of curing
 n - a potion of restore abilities
 s - a potion of speed
 w - a potion of brilliance
 I - a potion of heal wounds
 O - a potion of berserk rage
 U - a potion of porridge
 W - a potion of poison {unknown}
Books
 S - a book of Cantrips

   Spells                             Type                      Level
   Confusing Touch                    Hexes                        1
   Animate Skeleton                   Necromancy                   1
   Summon Small Mammal                Summoning                    1
   Apportation                        Translocation                1
Miscellaneous
 c - a phial of floods


   Skills:
 + Level 11.3 Fighting
 - Level 11.3 Dodging
 - Level 1.1 Stealth
 - Level 10.1 Unarmed Combat


You had 11 spell levels left.
You didn't know any spells.

Dungeon Overview and Level Annotations

Branches:
Dungeon (10/16)            Temple (1/1) D:5            Lair (4/8) D:8
 Spider (0/5) Lair:4
    Orc: D:9-12       Swamp: Lair:3-6    Shoals: Lair:3-6     Snake: Lair:3-6

Altars:
Ashenzari
Cheibriados
Elyvilon
Kikubaaqudgha
Makhleb
Nemelex Xobeh
Okawaru
Sif Muna
Trog
Vehumet
Xom
Yredelemnul
Zin
the Shining One

Shops:
D:5 *:*?   D:10 (


Innate Abilities, Weirdness & Mutations

You are too large for most types of armour.
You have claws for hands.
Your metabolism is lightning-fast.
You like to eat raw meat.
You heal very quickly.
You can eat rotten meat.
You are covered in fur (AC +1).
You have very tough skin (AC +2).


Message History

The death yak gores you.
* * * LOW HITPOINT WARNING * * *
There is a stone staircase leading up here.
The death yak gores you!
* * * LOW HITPOINT WARNING * * *
The death yak snorts and paws the ground.
The death yak closely misses you. The death yak gores you!
* * * LOW HITPOINT WARNING * * *
You hit the death yak.
The death yak begins to bleed from its wounds!
The death yak is lightly wounded.
You claw the death yak!
The death yak is moderately wounded.
The death yak gores you!
* * * LOW HITPOINT WARNING * * *
You claw the death yak!
The death yak is heavily wounded.
The death yak gores you!
You die...

.... ##.## ### ##
.....b####.## ###..##.#
<......#.##... .......##
.>.#.......... Y..##...#
#....#P...... Y......## ###
............ ##...%..# #.#####
##......... ####....#
###.P##.####.#........ #%.f.#
##..YY@<............>..
##Y...#
#...#####.P##.#........
#..#.## ##.P# #######Y......#
###Y#.####P.## ####....|..#
#.......###.#### ##.##.f...###
##.............#####.......#.#
##.f####............####....#
##.######......##.### ###.##
#.....%..##..###### #.#


You could see 2 death yaks.

Vanquished Creatures
  Harold (Lair:1)
  4 death yaks (Lair:4)
  2 hill giants (D:10)
  2 black mambas (Lair:2)
  6 spiny frogs
  4 komodo dragons
  A two-headed ogre (D:8)
  17 yaks
  A trapdoor spider (D:10)
  3 sharks (Lair:1)
  4 wolves (Lair:2)
  2 wyverns
  A hippogriff (Lair:3)
  A necrophage (D:9)
  3 manticores
  6 porcupines
  3 ogres
  3 orc warriors
  3 ice beasts
  2 black bears
  A phantom (D:7)
  2 sky beasts
  Duvessa (D:7)
  The ghost of Jake482 the Scratcher, an average FeMo (D:4)
  2 centaurs
  8 giant slugs
  3 crocodiles
  5 water moccasins
  Blork the orc (D:4)
  2 agate snails (D:8)
  A cyclops zombie (D:8)
  12 giant frogs
  An eye of draining (D:10)
  6 killer bees (D:10)
  5 electric eels
  3 jellies
  2 jellyfish (Lair:1)
  Dowan (D:7)
  2 goliath beetles
  10 crimson imps
  2 quasits
  A big fish (Lair:3)
  4 orc priests
  A two-headed ogre zombie (D:9)
  10 hounds
  A giant frog skeleton (D:5)
  2 gnoll shamans
  11 worker ants
  14 orc wizards
  2 scorpions
  A two-headed ogre skeleton (D:6)
  6 iguanas
  4 sheep (Lair:2)
  A mummy (D:9)
  12 gnolls
  15 green rats
  15 adders
  3 giant centipedes (Lair:1)
  8 worms
  An iguana zombie (D:9)
  4 giant eyeballs
  9 giant geckos
  2 oozes
  35 orcs
  7 giant cockroaches
  19 goblins
  15 hobgoblins
  4 jackals
  10 quokkas
  19 bats
  A giant newt (D:1)
  10 kobolds
  A kobold skeleton (D:3)
  An orc skeleton (D:5)
  2 orc zombies
  A quokka skeleton (D:6)
  22 rats
  2 rat skeletons
  A ballistomycete (D:8)
  2 bushes (Lair:1)
419 creatures vanquished.

Vanquished Creatures (others)
  An orc wizard (D:5)
  An orc (D:5)
  A giant spore (D:8)
  A fungus (Lair:4)
  4 plants
8 creatures vanquished.

Grand Total: 427 creatures vanquished

Notes
Turn   | Place    | Note
--------------------------------------------------------------
     0 | D:1      | Jake482, the Troll Monk, began the quest for the Orb.
     0 | D:1      | Reached XP level 1. HP: 22/22 MP: 1/1
    56 | D:1      | Reached XP level 2. HP: 29/29 MP: 1/1
   588 | D:2      | Reached skill level 5 in Unarmed Combat
   588 | D:2      | Reached XP level 3. HP: 23/36 MP: 2/2
  1688 | D:3      | Reached XP level 4. HP: 44/44 MP: 2/2
  2104 | D:3      | Reached skill level 6 in Unarmed Combat
  2239 | D:4      | Noticed Blork the orc
  2250 | D:4      | Killed Blork the orc
  2250 | D:4      | Reached XP level 5. HP: 38/50 MP: 2/2
  2415 | D:4      | Noticed Jake482's ghost (average FeMo)
  2415 | D:4      | Paralysed by a giant eyeball for 2 turns
  2427 | D:4      | Killed Jake482's ghost
  2427 | D:4      | Reached skill level 7 in Unarmed Combat
  2427 | D:4      | Reached XP level 6. HP: 56/59 MP: 3/3
  2430 | D:4      | Paralysed by a giant eyeball for 4 turns
  2783 | D:4      | Reached skill level 8 in Unarmed Combat
  2996 | D:4      | Found a shimmering altar of Xom.
  3068 | D:5      | Entered Level 5 of the Dungeon
  3068 | D:5      | Found Pigaill's General Store.
  3078 | D:5      | Reached XP level 7. HP: 44/66 MP: 3/3
  3103 | D:5      | Found Hoaseili's Book Shop.
  3120 | D:5      | Found Yzamanliworr's Magic Scroll Shop.
  3260 | D:5      | Found a staircase to the Ecumenical Temple.
  3271 | Temple   | Entered the Ecumenical Temple
  3368 | D:5      | Reached skill level 9 in Unarmed Combat
  3598 | D:5      | Found Ufoafal's Assorted Antiques.
  3891 | D:6      | Reached skill level 10 in Unarmed Combat
  3920 | D:6      | Reached XP level 8. HP: 50/74 MP: 3/3
  4070 | D:6      | Found a bloodstained altar of Trog.
  4465 | D:7      | Reached skill level 5 in Fighting
  4673 | D:7      | Paralysed by a giant eyeball for 2 turns
  4676 | D:7      | Paralysed by a giant eyeball for 3 turns
  4699 | D:7      | Noticed Dowan
  4701 | D:7      | Noticed Duvessa
  4711 | D:7      | Killed Duvessa
  4714 | D:7      | Killed Dowan
  4875 | D:7      | Reached XP level 9. HP: 53/92 MP: 4/4
  5919 | D:8      | Found a staircase to the Lair.
  6397 | D:8      | Got a shimmering ring mail
  6786 | D:9      | Reached XP level 10. HP: 101/109 MP: 4/4
  7248 | D:9      | Found a white marble altar of Elyvilon.
  7495 | D:9      | Reached skill level 10 in Fighting
  7638 | D:10     | Entered Level 10 of the Dungeon
  7793 | D:10     | Found Vuxod's Weapon Shop.
  8204 | D:9      | Paralysed by a potion of paralysis for 3 turns
  8247 | D:9      | Reached skill level 5 in Dodging
  8310 | D:10     | Noticed a hill giant
  8732 | D:10     | Killed a hill giant
  8771 | D:10     | Noticed a hill giant
  8785 | D:10     | Killed a hill giant
  8960 | Lair:1   | Entered Level 1 of the Lair of Beasts
  8965 | Lair:1   | Reached XP level 11. HP: 86/117 MP: 4/4
  9088 | Lair:1   | Noticed Harold
  9107 | Lair:1   | Killed Harold
 10622 | Lair:2   | Reached skill level 10 in Dodging
 11910 | Lair:3   | Reached skill level 11 in Dodging
 12121 | Lair:3   | Reached XP level 12. HP: 68/126 MP: 5/5
 13160 | Lair:4   | Found a hole to the Spider Nest.
 13725 | Lair:4   | Mangled by a death yak

Action                   |  1- 3 |  4- 6 |  7- 9 | 10-12 || total
-------------------------+-------+-------+-------+-------++-------
Melee: Unarmed           |   125 |   127 |   381 |   745 ||  1378
Throw: Tomahawk          |       |       |     7 |    38 ||    45
  Use: Scroll            |       |       |     5 |    20 ||    25
       Potion            |       |       |       |    16 ||    16
 Stab: Sleeping          |       |     2 |     1 |     3 ||     6
       Distracted        |       |       |       |     1 ||     1
